 Dungeon Sprint DCSS version 0.17.1-2-g5865329 (webtiles) character file.

442 Moresty the Grappler (level 6, -4/100 HPs)
             Began as a Troll Monk on Jan 11, 2016.
             Was a Believer of Makhleb.
             Slain by Sonja
             ... wielding a +0 dagger of distortion
              (6 damage)
             ... in the Dungeon (Sprint I: "Red Sonja").
             The game lasted 00:01:37 (138 turns).

Moresty the Grappler (Troll Monk)                    Turns: 138, Time: 00:01:37

Health: -4/100     AC:  6    Str: 27    XL:     6   Next: 71%
Magic:  5/5        EV: 12    Int:  6    God:    Makhleb [**....]
Gold:   297        SH:  0    Dex: 12    Spells: 0 memorised, 5 levels left

rFire  . . .     SeeInvis .       - Unarmed
rCold  . . .     Clarity  .     a - +0 robe
rNeg   . . .     SustAt   .     (no shield)
rPois  .         Gourm    +     m - +1 hat
rElec  .         Spirit   .     (no cloak)
rCorr  .         Warding  .     (gloves unavailable)
rMut   .         NoTele   +     (boots unavailable)
MR     .....                    (no amulet)
Stlth  ..........               (no ring)
                                (no ring)

@: berserking, slowed, not resistant to hostile enchantments, extremely
unstealthy
A: unfitting armour, claws 3, fast metabolism 3, gourmand, regeneration 2,
shaggy fur 1, tough skin 2
a: Minor Destruction, Renounce Religion


You were in the Dungeon.
You worshipped Makhleb.
Makhleb was pleased with you.
You were not hungry.

You visited 1 branch You collected 297 gold pieces.

Inventory:

Armour
 a - a +0 robe (worn)
 m - a +1 hat (worn)
Wands
 j - a wand of digging (4)
Scrolls
 h - a scroll of blinking
 k - a scroll of fear {unknown}
Potions
 d - a potion of heal wounds
 e - a potion of haste
 f - 2 potions of magic
 l - a potion of brilliance {unknown}
Comestibles
 b - 2 bread rations
 i - 9 chunks of flesh


   Skills:
 + Level 6.0 Fighting
 + Level 6.4 Dodging
 + Level 2.0 Stealth
 + Level 11.1 Unarmed Combat


You had 5 spell levels left.
You didn't know any spells.

Dungeon Overview and Level Annotations

Branches:
Dungeon (1/1)

Altars:
Elyvilon
Gozag
Kikubaaqudgha
Makhleb
Nemelex Xobeh
Okawaru
Qazlal
Ru
Sif Muna
Trog
Vehumet
Xom
Yredelemnul
Zin
The Shining One

Shops:
D *

Annotations:
D Sonja


Innate Abilities, Weirdness & Mutations

You are too large for most types of armour.
You have claws for hands.
Your metabolism is lightning-fast.
You like to eat raw meat.
You heal very quickly.
You are covered in fur (AC +1).
You have very tough skin (AC +2).


Message History

Sonja hits you but does no damage.
You feel a strange sense of stasis. Sonja hits you but does no damage.
Space bends around you.
* * * LOW HITPOINT WARNING * * *
You miss Sonja.
Sonja is heavily wounded.
Sonja gestures wildly while chanting.
Sonja blinks!
A red film seems to cover your vision as you go berserk!
You feel yourself moving faster!
You feel mighty! Sonja hits you but does no damage.
Space warps horribly around you!
* * * LOW HITPOINT WARNING * * *
Sonja hits you with an uncursed dagger of distortion.
* * * LOW HITPOINT WARNING * * *
Sonja completely misses you.
You are too berserk!
You closely miss Sonja.
Sonja is heavily wounded.
Sonja barely misses you. Sonja hits you but does no damage.
Space bends around you.
You die...

################
#<.#..').#..'..#
#..').#..').#..+
#..#####'#####'#
#..####..#...#.#
#..#__####.(##.#
#..#_..__##'#..+
#⌠⌠#_.∩@K.(..._#
####_..._##_.#'#
#_____###'#.#
####### #.###
$.K $.$# ##.##
#+#


You could see Sonja.

Vanquished Creatures
  Sigmund (D)
  A yak (D)
  An ogre (D)
  A jelly (D)
  Ijyb (D)
5 creatures vanquished.

Notes
Turn   | Place    | Note
--------------------------------------------------------------
     0 | D        | Moresty the Troll Monk began the quest for the Orb.
     0 | D        | Reached XP level 1. HP: 22/22 MP: 0/0
     1 | D        | Noticed Ijyb
     8 | D        | Killed Ijyb
     8 | D        | Reached skill level 5 in Unarmed Combat
     8 | D        | Reached XP level 2. HP: 29/31 MP: 1/1
    14 | D        | Noticed an ogre
    17 | D        | Killed an ogre
    17 | D        | Reached skill level 7 in Unarmed Combat
    17 | D        | Reached XP level 3. HP: 37/39 MP: 2/2
    17 | D        | Reached XP level 4. HP: 45/48 MP: 3/3
    32 | D        | Noticed Sigmund
    37 | D        | Killed Sigmund
    37 | D        | Reached skill level 5 in Fighting
    37 | D        | Reached skill level 5 in Dodging
    37 | D        | Reached skill level 9 in Unarmed Combat
    37 | D        | Reached XP level 5. HP: 54/57 MP: 4/4
    53 | D        | Found a deep blue altar of Sif Muna.
    54 | D        | Noticed a jelly
    55 | D        | Found a radiant altar of Vehumet.
    59 | D        | Killed a jelly
    59 | D        | Reached skill level 10 in Unarmed Combat
    59 | D        | Reached XP level 6. HP: 66/66 MP: 5/5
    90 | D        | Found Iryguofo's General Store.
    90 | D        | Found a white marble altar of Elyvilon.
    90 | D        | Found a stormy altar of Qazlal.
    90 | D        | Found a burning altar of Makhleb.
    90 | D        | Found a sacrificial altar of Ru.
    90 | D        | Found a basalt altar of Yredelemnul.
    90 | D        | Found a glowing golden altar of the Shining One.
    90 | D        | Found a sparkling altar of Nemelex Xobeh.
    90 | D        | Found a shimmering altar of Xom.
    90 | D        | Found an opulent altar of Gozag.
    90 | D        | Found an ancient bone altar of Kikubaaqudgha.
    90 | D        | Found a glowing silver altar of Zin.
    90 | D        | Noticed a yak
    94 | D        | Killed a yak
    94 | D        | Reached skill level 11 in Unarmed Combat
    95 | D        | Found an iron altar of Okawaru.
    96 | D        | Found a bloodstained altar of Trog.
    99 | D        | Became a worshipper of Makhleb the Destroyer
    99 | D        | Reached * piety under Makhleb
    99 | D        | Reached ** piety under Makhleb
   123 | D        | Noticed Sonja
   137 | D        | HP: 5/100 [Sonja/uncursed dagger of distortion (14)]
   137 | D        | HP: 2/100 [Sonja/uncursed dagger of distortion (3)]
   138 | D        | Slain by Sonja

Action                   |  1- 3 |  4- 6 || total
-------------------------+-------+-------++-------
Melee: Unarmed           |     8 |    13 ||    21
  Use: Potion            |       |     4 ||     4
 Stab: Sleeping          |       |     1 ||     1
